 Dungeon Crawl Stone Soup version 0.30-a0-331-g8ab09dc110 (webtiles) character file.

Game seed: 3481510624609206759

65 oldriver the Magician (level 4, 0/32 HPs)
             Began as a Human Hedge Wizard on Oct 29, 2022.
             Slain by an orc
             ... wielding a +0 flail
              (3 damage)
             ... on level 2 of the Dungeon.
             The game lasted 00:05:12 (3390 turns).

oldriver the Magician (Human Hedge Wizard)          Turns: 3390, Time: 00:05:13

Health: 0/32       AC:  2    Str: 11    XL:     4   Next: 35%
Magic:  1/9        EV: 12    Int: 16    God:
Gold:   96         SH:  0    Dex: 12    Spells: 4/9 levels left

rFire   . . .      SeeInvis .    e - +0 sling
rCold   . . .      Faith    .    (no shield)
rNeg    . . .      Spirit   .    b - +0 robe
rPois   .          Reflect  .    c - +0 hat
rElec   .          Harm     .    (no cloak)
rCorr   .          Rampage  .    (no gloves)
Will    .....                    (no boots)
Stlth   ++........               (no amulet)
HPRegen 0.25/turn                (no ring)
MPRegen 0.11/turn                (no ring)

@: no status effects
A: no striking features
a: no special abilities


You were on level 2 of the Dungeon.
You visited 1 branch of the dungeon, and saw 3 of its levels.

You collected 96 gold pieces.

Inventory:

Hand Weapons
 a - a +0 dagger
 e - a +0 sling (weapon)
Armour
 b - a +0 robe (worn)
 c - a +0 hat (worn)
Wands
 j - a wand of paralysis (10)
Scrolls
 h - 3 scrolls of teleportation
 m - a scroll of fog {unknown}
 p - a scroll of identify
Potions
 d - 2 potions of flight {unknown}
 f - a potion of might {unknown}
 g - 2 potions of haste
 i - 4 potions of degeneration {unknown}
 k - a potion of curing {unknown}
 l - a potion of heal wounds {unknown}
 n - a potion of lignification {unknown}
 o - a potion of attraction {unknown}
 q - a potion of mutation {unknown}


   Skills:
 + Level 1.6 Fighting
 + Level 1.1 Ranged Weapons
 - Level 2.0 Dodging
 - Level 2.0 Stealth
 + Level 3.4 Spellcasting
 - Level 1.4 Conjurations
 + Level 2.0 Summonings
 - Level 1.0 Translocations


You had 4 spell levels left.
You knew the following spells:

 Your Spells              Type           Power      Damage    Failure   Level
a - Magic Dart            Conj           28%        1d4       10%         1
b - Call Imp              Summ           9%         N/A       12%         2
c - Blink                 Tloc           12%        N/A       19%         2

Your spell library contained the following spells:

 Spells                   Type           Power      Damage    Failure   Level
 Momentum Strike          Conj/Tloc      12%        3d8       16%         2
 Slow                     Hex            8%         N/A       19%         1
 Cigotuvi's Dreadful Rot  Necr/Pois/Air  4%         N/A       26%         2
 Lesser Beckoning         Tloc           12%        N/A       34%         3
 Mephitic Cloud           Conj/Pois/Air  4%         N/A       41%         3


Dungeon Overview and Level Annotations

Branches:
Dungeon (3/15)

Altars:
Dithmenos

Shops:
D:1 ?(*   D:3 *

Annotations:
D:2 Robin


Message History

Reactivating autopickup.
There is a stone staircase leading down here.
You shoot a sling bullet. The sling bullet barely misses the orc.
The orc hits you with a +0 flail!
Casting: Call Imp (safe; 12% risk of failure)
Confirm with . or Enter, or press ? or * to list all spells.
Aiming: Magic Dart (safe; 10% risk of failure)
Press: ? - help, Shift-Dir - straight line, f/p - orc
Aim: an orc, wielding a +0 flail and wearing a +0 leather armour (100% to hit)
The magic dart hits the orc.
The orc is lightly wounded.
The orc hits you with a +0 flail!
* * * LOW HITPOINT WARNING * * *
Casting: Magic Dart (safe; 10% risk of failure)
Confirm with . or Enter, or press ? or * to list all spells.
Aiming: Magic Dart (safe; 10% risk of failure)
Press: ? - help, Shift-Dir - straight line, f/p - orc
Aim: an orc, wielding a +0 flail and wearing a +0 leather armour (lightly wounded, 100% to hit)
The magic dart hits the orc.
The orc is almost dead.
The orc hits you with a +0 flail.
* * * LOW HITPOINT WARNING * * *
Okay, then.
Casting: Magic Dart (safe; 10% risk of failure)
Confirm with . or Enter, or press ? or * to list all spells.
Aiming: Magic Dart (safe; 10% risk of failure)
Press: ? - help, Shift-Dir - straight line, f/p - orc
Aim: an orc, wielding a +0 flail and wearing a +0 leather armour (almost dead, 100% to hit)
The magic dart hits the orc but does no damage.
The orc is almost dead.
The orc misses you.
Casting: Magic Dart (safe; 10% risk of failure)
Confirm with . or Enter, or press ? or * to list all spells.
Aiming: Magic Dart (safe; 10% risk of failure)
Press: ? - help, Shift-Dir - straight line, f/p - orc
Aim: an orc, wielding a +0 flail and wearing a +0 leather armour (almost dead, 100% to hit)
The magic dart hits the orc but does no damage.
The orc is almost dead.
The orc hits you with a +0 flail.
You die...

...>....#############...######
........# #########..........#
........# #.......#..........#
........# #.......#..........#
........# #.......############
........# #..........# ..#######
#..........# ..# #..........##
..# #.....@.....########### ..#
#.....o.###.##.........
..#########.......###.##.........
##....................##.........
#.................#####.........
#...<.............# #.........
#.................# ##########
#...........##'##.#
#...........##.##.#


You could see an orc.

Vanquished Creatures
  2 worms (D:2)
  A dart slug (D:3)
  3 endoplasms (D:1)
  3 giant cockroaches (D:1)
  2 hobgoblins (D:1)
  4 jackals (D:1)
  3 quokkas (D:1)
  5 ball pythons
  5 bats
  2 frilled lizards (D:1)
  3 goblins
  6 kobolds
  4 rats
43 creatures vanquished.

Vanquished Creatures (collateral kills)
  2 dart slugs
  An orc (D:3)
  A hobgoblin (D:3)
  3 ball pythons
  2 rats
9 creatures vanquished.

Grand Total: 52 creatures vanquished

Notes
Turn   | Place    | Note
-------+----------+-------------------------------------------
     0 | D:1      | oldriver the Human Hedge Wizard began the quest for the
                  | Orb.
     0 | D:1      | Reached XP level 1. HP: 13/13 MP: 4/4
   311 | D:1      | Reached XP level 2. HP: 20/20 MP: 4/6
   357 | D:1      | Found Fesh's Magic Scroll Emporium.
   723 | D:1      | Found Cawonnule's General Store.
   740 | D:1      | Learned a level 2 spell: Call Imp
   754 | D:1      | Reached skill level 1 in Fighting
   820 | D:1      | Reached XP level 3. HP: 25/26 MP: 7/7
   851 | D:1      | Found Oguveoh's Antique Weapon Shoppe.
  1050 | D:1      | Learned a level 2 spell: Blink
  1799 | D:2      | Noticed Robin
  1913 | D:2      | Found a faded altar of an unknown god.
  2008 | D:2      | Reached XP level 4. HP: 20/32 MP: 6/9
  2712 | D:3      | Reached skill level 1 in Ranged Weapons
  2983 | D:3      | Found a shadowy altar of Dithmenos.
  3365 | D:3      | Found Zin's Purification Station.
  3390 | D:2      | Slain by an orc

Illustrated notes

Levels and vault maps discovered:
D:1:      ebering_trefoil_3fold, layout_basic, serial_shops, shop, shop,
          shop_fountains, minmay_distorted
D:2:      layout_basic, shapermc_ecumenical_altar_petra, minmay_pentomino_w2,
          uniq_robin
D:3:      cheibrodos_pilgrimage, layout_basic, zin_purify, okawaru_gym_becter,
          lemuel_crystal_altar

Skill      XL: |  1  2  3  4 |
---------------+-------------+-----
Fighting       | 1 |  1.6
Ranged Weapons | 1 |  1.1
Summonings     | 2 |  2.0
Dodging        | |  2.0
Stealth        | |  2.0
Spellcasting   | |  3.4
Conjurations   | |  1.4
Translocations | |  1.0

Action                   |  1- 3 |  4- 6 || total
-------------------------+-------+-------++-------
Melee: Dagger            |    17 |       ||    17
 Fire: Sling             |   110 |    34 ||   144
 Cast: Magic Dart        |    37 |    12 ||    49
       Call Imp          |     8 |    13 ||    21
  Use: Scroll            |     2 |       ||     2
       Potion            |     1 |     1 ||     2
Armor: Robe              |    19 |     5 ||    24
Dodge: Dodged            |    74 |    29 ||   103

Table legend: (Time is in decaauts)
 A = Elapsed time spent in this place.
 B = Non-inter-level travel time spent in this place.
 C = Inter-level travel time spent in this place.
 D = Time resting spent in this place.
 E = Time spent auto-exploring this place.
 F = Levels seen in this place.
 G = Mean time per level.
                   A        B        C        D        E       F      G
               +--------+--------+--------+--------+--------+-----+--------+
         Total |   3422 |   3233 |    189 |    577 |   2098 |   3 | 1140.7 |
       Dungeon |   3422 |   3233 |    189 |    577 |   2098 |   3 | 1140.7 |
               +--------+--------+--------+--------+--------+-----+--------+

Top non-repeatable levels by time:
     D:1: 1603 daAuts
     D:2: 1131 daAuts
     D:3: 688 daAuts
